 Dungeon Crawl Stone Soup version 0.17.0-24-gcfadda4 (console) character file.

489 Kloppie the Skirmisher (level 6, -4/60 HPs)
             Began as a Minotaur Fighter on Nov 17, 2015.
             Was an Initiate of Makhleb.
             Slain by an iguana (10 damage)
             ... on level 4 of the Dungeon.
             The game lasted 00:04:15 (2592 turns).

Kloppie the Skirmisher (Minotaur Fighter)           Turns: 2592, Time: 00:04:15

Health: -4/60      AC:  6    Str: 20    XL:     6   Next: 90%
Magic:  5/5        EV:  7    Int:  5    God:    Makhleb [......]
Gold:   174        SH:  9    Dex: 12    Spells: 0 memorised, 5 levels left

rFire  . . .     SeeInvis .     a - +0 war axe
rCold  . . .     Clarity  .     b - +0 scale mail
rNeg   . . .     SustAt   .     c - +0 shield
rPois  .         Gourm    .     (helmet restricted)
rElec  .         Spirit   .     (no cloak)
rCorr  .         Warding  .     (no gloves)
rMut   .         Stasis   .     (no boots)
MR     .....                    (no amulet)
Stlth  ..........               (no ring)
                                (no ring)

@: not resistant to hostile enchantments, extremely unstealthy
A: retaliatory headbutt, horns 2
a: Renounce Religion


You were on level 4 of the Dungeon.
You worshipped Makhleb.
Makhleb was noncommittal.
You were hungry.

You visited 2 branches of the dungeon, and saw 5 of its levels.

You collected 174 gold pieces.

Inventory:

Hand Weapons
 a - a +0 war axe (weapon)
Armour
 b - a +0 scale mail (worn)
 c - a +0 shield (worn)
Jewellery
 d - a +4 ring of dexterity {unknown}
 m - an uncursed ring of protection from fire {unknown}
 q - an uncursed amulet of the gourmand {unknown}
 x - an uncursed ring of positive energy {unknown}
 y - an uncursed amulet of stasis {unknown}
 A - a cursed ring of loudness {unknown}
Scrolls
 g - a scroll of enchant armour {unknown}
 k - 3 scrolls of teleportation {unknown}
 o - a scroll of fear {unknown}
 p - 5 scrolls of identify {unknown}
 s - 3 scrolls of remove curse {unknown}
 t - a scroll of recharging {unknown}
 u - a scroll of random uselessness {unknown}
 C - a scroll of amnesia {unknown}
Potions
 f - a potion of magic {unknown}
 h - a potion of curing {unknown}
 j - 3 potions of heal wounds {unknown}
 n - a potion of lignification {unknown}
 r - a potion of cure mutation {unknown}
 z - a potion of poison {unknown}
 B - a potion of haste {unknown}
Comestibles
 e - 4 bread rations
 i - a beef jerky
 l - 2 meat rations
 v - a slice of pizza
 w - a royal jelly


   Skills:
 + Level 7.1 Fighting
 + Level 6.6 Axes
 - Level 3.6 Armour
 - Level 3.6 Shields


You had 5 spell levels left.
You didn't know any spells.

Dungeon Overview and Level Annotations

Branches:
Dungeon (4/15)             Temple (1/1) D:4

Altars:
Cheibriados
Fedhas
Gozag
Makhleb
Nemelex Xobeh
Okawaru
Qazlal
Ru
Sif Muna
Trog
Xom
Yredelemnul
Zin
The Shining One


Innate Abilities, Weirdness & Mutations

You reflexively headbutt those who attack you in melee.
You have a pair of horns on your head.


Message History

You hit the orc wizard.
The orc wizard is severely wounded.
You hit the iguana but do no damage. You slash the orc!
You kill the orc!
Makhleb accepts your kill.
The orc wizard hits you but does no damage.
The iguana bites you!
* * * LOW HITPOINT WARNING * * *
The orc wizard hits you but does no damage.
The orc wizard hits you but does no damage.
You slash the orc wizard!
You kill the orc wizard!
Makhleb accepts your kill.
You hit the iguana but do no damage. You block the iguana's attack.
You slash the iguana!
You headbutt the iguana, but do no damage.
The iguana is heavily wounded.
The iguana bites you but does no damage.
The iguana bites you!
You die...

######.## #..#
.>......# #..#
<####.... #..#
.####(..# #..#
..[....# ...##
.####### #...### .#
###))...# †#
#.)l†..(## .#
#.@........ .#
############.......###
.#
#....).............#
.#
#.############...###
## #.# ......# #.#
#.....# #.# #.......
####.# .....## .....#
.......


You could see an iguana.

Vanquished Creatures
  A hippogriff (D:4)
  An ogre (D:4)
  2 orc priests
  2 orc wizards
  5 adders
  5 worms
  5 orcs
  9 bats
  6 giant cockroaches
  8 goblins
  9 hobgoblins
  3 jackals (D:3)
  5 kobolds
  2 quokkas (D:3)
  A ball python (D:1)
  2 giant geckos
  4 giant newts
  4 rats
74 creatures vanquished.

Vanquished Creatures (others)
  An orc wizard (D:3)
1 creature vanquished.

Grand Total: 75 creatures vanquished

Notes
Turn   | Place    | Note
--------------------------------------------------------------
     0 | D:1      | Kloppie the Minotaur Fighter began the quest for the Orb.
     0 | D:1      | Reached XP level 1. HP: 19/19 MP: 0/0
   144 | D:1      | Reached XP level 2. HP: 27/27 MP: 1/1
   769 | D:2      | Reached skill level 4 in Fighting
   807 | D:2      | Reached XP level 3. HP: 33/33 MP: 2/2
  1371 | D:3      | Reached XP level 4. HP: 41/41 MP: 3/3
  1534 | D:3      | Reached skill level 5 in Fighting
  1831 | D:3      | Reached XP level 5. HP: 48/48 MP: 4/4
  1994 | D:3      | Reached skill level 5 in Axes
  2435 | D:4      | Found a staircase to the Ecumenical Temple.
  2444 | Temple   | Entered the Ecumenical Temple
  2526 | Temple   | Became a worshipper of Makhleb the Destroyer
  2539 | D:4      | Noticed a hippogriff
  2546 | D:4      | Killed a hippogriff
  2546 | D:4      | Reached skill level 6 in Fighting
  2546 | D:4      | Reached XP level 6. HP: 36/58 MP: 5/5
  2568 | D:4      | Noticed an ogre
  2572 | D:4      | Killed an ogre
  2589 | D:4      | Reached skill level 7 in Fighting
  2592 | D:4      | Slain by an iguana

Action                   |  1- 3 |  4- 6 || total
-------------------------+-------+-------++-------
Melee: War axe           |    98 |    86 ||   184
  Use: Potion            |       |     1 ||     1
  Eat: Chunk             |     1 |     4 ||     5
